 Dungeon Crawl Stone Soup version 0.26-a0-576-gcfaa98f945 (webtiles) character file.

Game seed: 17946938714825545138

6330 Ge0ff the Caller (level 10, -1/59 HPs)
             Began as a Gargoyle Summoner on Aug 22, 2020.
             Was an Elder of Kikubaaqudgha.
             Slain by a six-headed hydra (7 damage)
             ... on level 1 of the Lair of Beasts.
             The game lasted 00:42:34 (17128 turns).

Ge0ff the Caller (Gargoyle Summoner)               Turns: 17128, Time: 00:42:35

Health: -1/59      AC:  7    Str: 11    XL:     10   Next: 96%
Magic:  14/26      EV: 12    Int: 20    God:    Kikubaaqudgha [****..]
Gold:   302        SH:  5    Dex: 10    Spells: 1/19 levels left

rFire    . . .     SeeInvis .   a - +5 dagger (elec) {don't train}
rCold    . . .     Faith    .   (no shield)
rNeg     + . .     Spirit   .   (no armour)
rPois    ∞         Reflect  +   (no helmet)
rElec    +         Harm     .   (no cloak)
rCorr    .                      (no gloves)
MR       .....                  (no boots)
Stlth    ++........             M - amulet of reflection
HPRegen  0.19/turn              I - ring of magical power {=R}
MPRegen  0.20/turn              (no ring)

@: no status effects
A: negative energy resistance 1, electricity resistance, unbreathing,
petrification resistance, rot immunity, AC +7
a: Receive Corpses, Renounce Religion


You were on level 1 of the Lair of Beasts.
You worshipped Kikubaaqudgha.
Kikubaaqudgha was greatly pleased with you.
You visited 3 branches of the dungeon, and saw 13 of its levels.

You collected 712 gold pieces.
You spent 410 gold pieces at shops.

Inventory:

Hand Weapons
 a - a +5 dagger of electrocution (weapon) {don't train}
 o - a +2 dagger of pain {don't train}
 w - a +0 dagger of venom {don't train}
Missiles
 b - 17 boomerangs {don't train}
 j - 36 poisoned darts {don't train}
 V - 405 stones {don't train}
 W - 2 silver boomerangs (quivered) {don't train}
Jewellery
 I - a ring of magical power (left hand) {=R}
 J - an uncursed ring of fire
 M - an amulet of reflection (around neck)
Wands
 d - a wand of digging (6)
 e - a wand of enslavement (2)
 f - a wand of flame (27)
 p - a wand of paralysis (9)
 x - a wand of random effects (6)
 P - a wand of polymorph (18)
Scrolls
 m - 3 scrolls of magic mapping
 B - 2 scrolls of blinking
 C - 2 scrolls of remove curse
 F - 2 scrolls of fog
 T - 5 scrolls of teleportation
Potions
 q - a potion of curing
 z - 4 potions of brilliance
 H - 4 potions of haste {!q}
 K - a potion of magic {!q}
 L - a potion of lignification
 N - 2 potions of cancellation {!q}
 Q - a potion of degeneration {unknown}
 R - a potion of resistance
 S - a potion of flight {unknown}
 U - a potion of heal wounds {unknown}
 X - a potion of might {unknown}
Miscellaneous
 O - a box of beasts (2/3)


   Skills:
 - Level 5.0 Fighting
 - Level 3.0 Dodging
 - Level 2.1 Stealth
 - Level 2.0 Unarmed Combat
 - Level 5.0 Spellcasting
 + Level 7.5 Summonings
 * Level 6.3 Necromancy
 + Level 4.4 Air Magic
 * Level 7.4 Earth Magic
 + Level 3.6 Evocations


You had one spell level left.
You knew the following spells:

 Your Spells              Type           Power        Failure   Level
d - Call Canine Familiar  Summ           #####...     1%          3
j - Vampiric Draining     Necr           ####......   2%          3
k - Sandblast             Erth           ####..       1%          1
l - Summon Lightning Spi  Summ/Air       ####....     10%         4
m - Borgnjor's Vile Clut  Necr/Erth      ####......   19%         5
s - Call Imp              Summ           #####...     1%          2

Your spell library contained the following spells:

 Spells                   Type           Power        Failure   Level
 Animate Skeleton         Necr           ####..       1%          1
 Pain                     Necr           ####         1%          1
 Summon Small Mammal      Summ           ####         1%          1
 Corpse Rot               Necr/Air       N/A          1%          2
 Passwall                 Tmut/Erth      ###.....     3%          2
 Stone Arrow              Conj/Erth      ###...       8%          3
 Summon Guardian Golem    Hex/Summ       ###.....     8%          3
 Animate Dead             Necr           ####......   9%          4
 Dispel Undead            Necr           ####....     9%          4
 Lee's Rapid Deconstruct  Erth           ####......   16%         5
 Summon Ice Beast         Ice/Summ       ###.....     24%         4
 Petrify                  Tmut/Erth      ###.....     26%         4
 Confusing Touch          Hex            #.......     34%         3
 Gell's Gravitas          Tloc           #.........   34%         3
 Death Channel            Necr           ####......   78%         6
 Metabolic Englaciation   Hex/Ice        #.........   97%         5
 Yara's Violent Unravell  Hex/Tmut       #.........   97%         5
 Simulacrum               Ice/Necr       ###.......   99%         6


Dungeon Overview and Level Annotations

Branches:
Dungeon (11/15)            Temple (1/1) D:5            Lair (1/6) D:8
    Orc: D:9-12

Altars:
Ashenzari
Cheibriados
Elyvilon
Kikubaaqudgha
Qazlal
Wu Jian
Yredelemnul
Zin

Shops:
D:9 [   D:10 }*

Annotations:
D:10 3 runed translucent doors (distortion w.), Puxtyduu's ghost, journeyman MiFi
Lair:1 stash


Innate Abilities, Weirdness & Mutations

You are resistant to torment.
Your stone body is resilient. (AC +7)
You are immune to poison.
You resist negative energy. (rN+)
You are resistant to electric shocks. (rElec)
You can survive without breathing.
You are immune to petrification.
You are immune to rotting.


Message History

Press: ? - help, Shift-Dir - straight line, f - six-headed hydra
Aim: a six-headed hydra (moderately wounded)
The six-headed hydra is heavily wounded.
You feel life coursing into your body. The six-headed hydra barely misses you.
The six-headed hydra bites you! The six-headed hydra bites you.
The six-headed hydra bites you but does no damage.
The six-headed hydra barely misses you. The six-headed hydra bites you!
Casting: Vampiric Draining (dangerous; 2% risk of failure)
Confirm with . or Enter, or press ? or * to list all spells.
Aiming: Vampiric Draining (dangerous; 2% risk of failure)
Press: ? - help, Shift-Dir - straight line, f/p - six-headed hydra
Aim: a six-headed hydra (heavily wounded)
The six-headed hydra is heavily wounded.
You feel life coursing into your body. The six-headed hydra bites you.
The six-headed hydra bites you!
* * * LOW HITPOINT WARNING * * *
You block the six-headed hydra's attack.
The six-headed hydra bites you!
You die...
Kikubaaqudgha rasps: "You have failed me!
Welcome... oblivion!"

#.........#.........
#.+.......P....##...
#.#.........>..##...
#.#............#....
#.#.......#.........
#..###.#.#.....#####
#..............##.##
#......8............
#..@D..............8
#...................
#.####.##.##........
#.######..##........
##.##......##....#..#
#..##......##....#...
##..#......##....#...
#..........#.....#...
#...#......##........


You could see a six-headed hydra and a friendly lightning spire (summoned).

Vanquished Creatures
  A centaur zombie (D:10)
  Joseph (D:7)
  A cane toad (Lair:1)
  2 centaur skeletons (D:10)
  Grinder (D:3)
  2 trolls
  A hornet (D:10)
  2 wyverns
  2 yaks (Lair:1)
  A steam dragon (D:9)
  Menkaure (D:7)
  A water moccasin (D:7)
  A phantom (D:9)
  An ogre (D:10)
  A crocodile (D:8)
  3 centaurs
  A big kobold (D:9)
  3 bullfrogs
  6 scorpions
  Dowan (D:7)
  3 killer bees (D:9)
  6 wights
  2 howler monkeys (D:10)
  2 bullfrog zombies
  5 hounds
  A bullfrog skeleton (D:2)
  2 orc wizards
  An iguana (D:6)
  4 worker ants
  3 nameless horrors (D:10)
  A hound zombie (D:9)
  A hound skeleton (D:9)
  2 worker ant zombies (D:9)
  4 adders
  2 white imps (D:7)
  An ufetubus (D:10)
  An ooze (D:2)
  An adder zombie (D:8)
  2 worms
  4 leopard geckos
  18 orcs
  4 giant cockroaches
  5 goblins
  3 hobgoblins
  4 jackals (D:6)
  5 kobolds
  2 quokkas (D:6)
  6 bats
  6 frilled lizards
  A jackal skeleton (D:4)
  A leopard gecko skeleton (D:5)
  3 rats
139 creatures vanquished.

Vanquished Creatures (collateral kills)
  A komodo dragon (D:10)
  Sigmund (D:4)
  3 yaks (Lair:1)
  A basilisk (Lair:1)
  Eustachio (D:5)
  2 water moccasins
  Duvessa (D:7)
  2 orc warriors
  An ice beast (D:10)
  An ogre (D:4)
  3 centaurs (D:11)
  Blork the orc (D:4)
  A bullfrog (D:8)
  2 scorpions
  3 wights (D:9)
  3 killer bees (D:10)
  A howler monkey (D:10)
  A bullfrog zombie (D:4)
  A centaur zombie (D:6)
  2 orc priests
  4 orc wizards
  A jelly (D:9)
  2 iguanas (D:4)
  A worker ant (D:4)
  5 adders
  An ufetubus (D:7)
  An ooze (D:3)
  4 worms (D:3)
  A dart slug (D:2)
  19 orcs
  A ball python (D:1)
  6 bats
  2 giant cockroaches
  4 goblins
  4 hobgoblins
  A jackal (D:3)
  A frilled lizard (D:3)
  5 kobolds
  A quokka skeleton (D:5)
  2 rats
98 creatures vanquished.

Grand Total: 237 creatures vanquished

Notes
Turn   | Place    | Note
-------+----------+-------------------------------------------
     0 | D:1      | Ge0ff the Gargoyle Summoner began the quest for the Orb.
     0 | D:1      | Reached XP level 1. HP: 10/10 MP: 3/3
   300 | D:1      | Reached skill level 1 in Fighting
   300 | D:1      | Reached skill level 1 in Unarmed Combat
   300 | D:1      | Reached XP level 2. HP: 16/16 MP: 3/5
   508 | D:1      | Learned a level 2 spell: Call Imp
  1751 | D:2      | Found a white marble altar of Elyvilon.
  1754 | D:2      | Found an ancient bone altar of Kikubaaqudgha.
  1994 | D:2      | Reached XP level 3. HP: 20/20 MP: 3/6
  1999 | D:2      | Learned a level 3 spell: Call Canine Familiar
  2717 | D:2      | Became a worshipper of Kikubaaqudgha
  2826 | D:2      | Reached XP level 4. HP: 22/25 MP: 4/7
  4832 | D:3      | Noticed Grinder
  4885 | D:3      | Paralysed by Grinder for 2 turns
  4917 | D:3      | Paralysed by Grinder for 7 turns
  4924 | D:3      | Killed Grinder
  4924 | D:3      | Reached skill level 5 in Summonings
  4924 | D:3      | Reached skill level 1 in Necromancy
  4924 | D:3      | Reached XP level 5. HP: 5/30 MP: 1/9
  4924 | D:3      | Reached XP level 6. HP: 6/35 MP: 1/10
  4930 | D:3      | Learned a level 4 spell: Summon Lightning Spire
  4934 | D:3      | Found a glowing silver altar of Zin.
  5707 | D:4      | Found an ornate altar of the Wu Jian Council.
  5961 | D:4      | Found a shattered altar of Ashenzari.
  5992 | D:4      | Reached skill level 1 in Air Magic
  5992 | D:4      | Reached XP level 7. HP: 36/40 MP: 8/11
  5993 | D:4      | Reached * piety under Kikubaaqudgha
  5993 | D:4      | Identified Kikubaaqudgha's Almanac of Black Arts
                  | (Kikubaaqudgha gifted it to you on level 4 of the Dungeon)
  5993 | D:4      | Received a gift from Kikubaaqudgha
  6010 | D:4      | Learned a level 1 spell: Pain
  6443 | D:4      | Found a stormy altar of Qazlal.
  6452 | D:4      | Noticed Blork the orc
  6452 | D:4      | Noticed Sigmund
  6469 | D:4      | Killed Blork the orc
  6498 | D:4      | Killed Sigmund
  6513 | D:4      | Found a snail-covered altar of Cheibriados.
  7198 | D:5      | Entered Level 5 of the Dungeon
  7198 | D:5      | Found a staircase to the Ecumenical Temple.
  7234 | D:5      | Noticed Eustachio
  7335 | D:5      | You fall into a shaft and drop 2 floors!
  8070 | D:5      | Killed Eustachio
  8070 | D:5      | Reached XP level 8. HP: 35/44 MP: 9/13
  9422 | D:6      | Learned a level 1 spell: Sandblast
  9520 | Temple   | Entered the Ecumenical Temple
  9567 | D:6      | Reached skill level 1 in Earth Magic
 10235 | D:7      | Reached ** piety under Kikubaaqudgha
 10504 | D:7      | Noticed Duvessa
 10505 | D:7      | Noticed Dowan
 10505 | D:7      | Noticed Menkaure
 10708 | D:7      | Killed Dowan
 10746 | D:7      | Killed Duvessa
 10763 | D:7      | Learned a level 3 spell: Vampiric Draining
 11172 | D:7      | Noticed Joseph
 11321 | D:8      | Found a basalt altar of Yredelemnul.
 11597 | D:8      | Reached skill level 1 in Evocations
 11604 | D:8      | Reached XP level 9. HP: 41/50 MP: 15/15
 11744 | D:8      | Found a staircase to the Lair.
 12632 | D:9      | Found Luhefoc's Armour Shop.
 13000 | D:9      | Noticed a troll
 13014 | D:9      | Killed a troll
 13147 | D:9      | Reached skill level 5 in Necromancy
 13182 | D:9      | Reached skill level 5 in Earth Magic
 13498 | D:10     | Entered Level 10 of the Dungeon
 13526 | D:10     | Reached *** piety under Kikubaaqudgha
 13526 | D:10     | Identified Kikubaaqudgha's Collected Works on Darkness
                  | (Kikubaaqudgha gifted it to you on level 10 of the Dungeon)
 13526 | D:10     | Received a gift from Kikubaaqudgha
 13702 | D:10     | Reached XP level 10. HP: 57/57 MP: 16/16
 14205 | D:10     | Found Ymefoosa's Assorted Antiques.
 14208 | D:10     | Bought a black potion for 24 gold pieces
 14208 | D:10     | Bought an emerald potion for 24 gold pieces
 14208 | D:10     | Bought 2 scrolls of identify for 108 gold pieces
 14208 | D:10     | Bought a scroll of identify for 54 gold pieces
 14469 | D:10     | Found Kuthufi's Gadget Shop.
 14512 | D:10     | Bought a box of beasts (3/3) for 200 gold pieces
 14646 | D:10     | Found a runed translucent gate.
 14647 | D:10     | Found a runed translucent gate.
 14648 | D:10     | Found a runed translucent gate.
 14650 | D:10     | Noticed a kobold demonologist
 14650 | D:10     | Noticed Puxtyduu's ghost (journeyman MiFi)
 14650 | D:10     | Noticed a kobold demonologist
 15697 | D:11     | Reached **** piety under Kikubaaqudgha
 15834 | D:7      | Killed Menkaure
 15834 | D:7      | Reached skill level 5 in Fighting
 16085 | D:7      | Killed Joseph
 16592 | D:8      | Learned a level 5 spell: Borgnjor's Vile Clutch
 16593 | Lair:1   | Entered Level 1 of the Lair of Beasts
 16616 | Lair:1   | Got a transparent scale mail {*no*}
 16673 | Lair:1   | Noticed a cane toad
 16683 | Lair:1   | Killed a cane toad
 16939 | Lair:1   | Reached skill level 5 in Spellcasting
 17090 | Lair:1   | Noticed a six-headed hydra
 17128 | Lair:1   | Slain by a six-headed hydra

Illustrated notes

Levels and vault maps discovered:
D:1:      minmay_arrival_floating_metal, layout_basic, hangedman_decor_riveting,
          minmay_pentomino_w2
D:2:      layout_loops_corners, nicolae_overflow_hidden_temple
D:3:      layout_basic, lemuel_coloured_pillars_altar, st_stairs_9, uniq_grinder
D:4:      minmay_evil_eye, layout_loops_ring, kennysheep_little_box,
          lemuel_doored_altar, old_standard_altar, cheibriados_altar_1,
          uniq_blork_the_orc, uniq_sigmund
D:5:      layout_rooms, minmay_temple_entry_slanted, uniq_eustachio
D:6:      layout_loops_corners, nicolae_underground_beach
D:7:      layout_rooms, uniq_duvessa, uniq_menkaure, uniq_joseph
D:8:      layout_basic, old_standard_altar, lair_entry_dummy
D:9:      layout_long_grid, serial_shops, shop
D:10:     layout_basic, gammafunk_ghost_nasty_kobolds, serial_shops, shop,
          nicolae_shop_behind_doors
D:11:     layout_stronghold, ebering_ghost_rock_garden
Temple:   regret_index_temple_waves
Lair:1:   layout_regular_city, uniq_grum

Skill      XL: |  1  2  3  4  5  6  7  8  9 10 |
---------------+-------------------------------+-----
Fighting       | 1 2 3 4 5 |  5.0
Unarmed Combat | 1 2 |  2.0
Summonings     | 4 5 6 7 |  7.5
Spellcasting   | 3 4 5 |  5.0
Necromancy     | 1 3 4 5 6 |  6.3
Dodging        | 2 3 |  3.0
Air Magic      | 1 2 3 4 |  4.4
Earth Magic    | 2 5 7 |  7.4
Evocations     | 1 2 3 |  3.6
Stealth        | |  2.1

Action                   |  1- 3 |  4- 6 |  7- 9 | 10-12 || total
-------------------------+-------+-------+-------+-------++-------
Melee: Unarmed           |    95 |   102 |    28 |       ||   225
       Punch             |       |     1 |     2 |     1 ||     4
       Dagger            |       |       |   237 |    95 ||   332
Throw: Stone             |     4 |       |       |       ||     4
       Dart              |       |    28 |     6 |       ||    34
       Boomerang         |       |    17 |    56 |    12 ||    85
 Cast: Summon Small Mamm |    14 |     1 |       |       ||    15
       Call Imp          |    25 |    31 |    50 |     9 ||   115
       Call Canine Famil |       |     1 |    20 |     8 ||    29
       Sandblast         |       |       |    70 |     9 ||    79
       Summon Lightning  |       |       |     4 |    28 ||    32
       Vampiric Draining |       |       |       |    17 ||    17
Evoke: Wand              |       |       |     7 |       ||     7
       Box of beasts     |       |       |       |     1 ||     1
  Use: Scroll            |       |       |    18 |     9 ||    27
       Potion            |       |       |       |     3 ||     3
 Stab: Sleeping          |     2 |     3 |     6 |       ||    11
       Distracted        |       |     2 |     3 |       ||     5
Armor: Skin              |    26 |    32 |    69 |    35 ||   162
Dodge: Dodged            |    76 |    73 |   194 |    79 ||   422
Block: Other             |       |       |    28 |    16 ||    44

Table legend: (Time is in decaauts)
 A = Elapsed time spent in this place.
 B = Non-inter-level travel time spent in this place.
 C = Inter-level travel time spent in this place.
 D = Time resting spent in this place.
 E = Time spent auto-exploring this place.
 F = Levels seen in this place.
 G = Mean time per level.
                   A        B        C        D        E       F      G
               +--------+--------+--------+--------+--------+-----+--------+
         Total |  17184 |  16394 |    790 |   1518 |  11786 |  13 | 1321.8 |
       Dungeon |  16647 |  15858 |    789 |   1518 |  11402 |  11 | 1513.4 |
        Temple |      1 |      0 |      1 |      0 |      0 |   1 |    1.0 |
          Lair |    535 |    535 |      0 |      0 |    384 |   1 |  535.0 |
               +--------+--------+--------+--------+--------+-----+--------+

Top non-repeatable levels by time:
     D:4: 2142 daAuts
     D:7: 1970 daAuts
     D:3: 1844 daAuts
     D:1: 1767 daAuts
     D:6: 1745 daAuts
    D:10: 1743 daAuts
     D:2: 1668 daAuts
     D:9: 1535 daAuts
     D:5: 959 daAuts
     D:8: 915 daAuts
  Lair:1: 535 daAuts
    D:11: 354 daAuts
  Temple: 1 daAuts
